 Dungeon Crawl Stone Soup version 0.29.0-13-gc9e81de378 (webtiles) character file.

Game seed: 8315510791362448016

693 SnakkuSnakku7 the Ruffian (level 7, -11/63 HPs)
             Began as a Ghoul Summoner on Sept 8, 2022.
             Mangled by an ogre
             ... wielding a +0 giant club
              (17 damage)
             ... on level 5 of the Dungeon.
             The game lasted 00:08:03 (4751 turns).

SnakkuSnakku7 the Ruffian (Ghoul Summoner)          Turns: 4751, Time: 00:08:04

Health: -11/63     AC:  8    Str: 18    XL:     7   Next: 64%
Magic:  8/8        EV: 10    Int: 10    God:
Gold:   214        SH:  0    Dex:  9    Spells: 8/9 levels left

rFire   + . .      SeeInvis .     - Unarmed
rCold   . . .      Faith    .   (no shield)
rNeg    + + +      Spirit   .   t - +2 ring mail "Ennesty" {Str+4}
rPois   ∞          Reflect  .   r - +0 helmet
rElec   .          Harm     .   (no cloak)
rCorr   .          Rampage  .   (no gloves)
Will    .....                   (no boots)
Stlth   +.........              (no amulet)
HPRegen 0.00/turn               q - ring of wizardry
MPRegen 0.11/turn               j - ring of fire

@: inhibited regen
A: claws 1, cold resistance 1, negative energy resistance 3, inhibited
regeneration, torment resistance 2, devour on kill
a: no special abilities


You were on level 5 of the Dungeon.
You visited 1 branch of the dungeon, and saw 5 of its levels.
You also visited: Sewer and Ossuary.

You collected 214 gold pieces.

Inventory:

Armour
 a - a +0 robe
 c - a +0 ring mail
 e - a +0 pair of gloves
 f - a +0 chain mail
 m - a +0 pair of boots
 r - a +0 helmet (worn)
 t - the +2 ring mail "Ennesty" (worn) {Str+4}
   (You found it on level 2 of the Dungeon)

   Str:       It affects your strength (+4).
Jewellery
 j - a ring of fire (right claw)
 q - a ring of wizardry (left claw)
Wands
 d - a wand of quicksilver (8)
 B - a wand of flame (18)
 C - a wand of mindburst (18)
 F - a wand of polymorph (9)
Scrolls
 k - a scroll of teleportation
 n - a scroll of amnesia {unknown}
 o - a scroll of silence {unknown}
 s - a scroll of summoning {unknown}
 u - a scroll of enchant weapon {unknown}
 x - a scroll of torment {unknown}
 y - 2 scrolls of blinking {unknown}
 z - a scroll of butterflies {unknown}
 A - a scroll of magic mapping {unknown}
 D - a scroll of poison {unknown}
Potions
 b - 2 potions of magic
 g - a potion of heal wounds
 h - 2 potions of brilliance {unknown}
 i - 2 potions of degeneration {unknown}
 l - 2 potions of haste
 p - 5 potions of curing {unknown}
 v - a potion of berserk rage {unknown}
 w - a potion of flight
 E - a potion of might {unknown}


   Skills:
 - Level 6.0 Fighting
 - Level 1.7 Dodging
 - Level 2.1 Stealth
 + Level 6.2 Unarmed Combat
 - Level 1.7 Spellcasting
 - Level 3.6 Summonings


You had 8 spell levels left.
You knew the following spells:

 Your Spells              Type           Power      Damage    Failure   Level
a - Summon Small Mammal   Summ           32%        N/A       5%          1

Your spell library contained the following spells:

 Spells                   Type           Power      Damage    Failure   Level
 Call Imp                 Summ           8%         N/A       9%          2
 Call Canine Familiar     Summ           8%         N/A       16%         3
 Apportation              Tloc           0%         N/A       22%         1
 Sandblast                Erth           0%         2d4       22%         1
 Slow                     Hex            0%         N/A       22%         1
 Passwall                 Tmut/Erth      0%         N/A       32%         2
 Summon Guardian Golem    Hex/Summ       4%         N/A       32%         3
 Confusing Touch          Hex            0%         N/A       52%         3
 Portal Projectile        Hex/Tloc       0%         N/A       52%         3
 Stone Arrow              Conj/Erth      0%         3d7       52%         3
 Vampiric Draining        Necr           0%         2d6       52%         3
 Summon Lightning Spire   Summ/Air       4%         N/A       69%         4
 Leda's Liquefaction      Hex/Erth       0%         N/A       89%         4
 Alistair's Intoxication  Tmut/Pois      0%         N/A       99%         5


Dungeon Overview and Level Annotations

Branches:
Dungeon (5/15)              Sewer (visited)         Ossuary (visited)
 Temple: D:4-7

Altars:
Ashenzari
Gozag
Okawaru
Qazlal

Annotations:
D:5 Pikel


Innate Abilities, Weirdness & Mutations

You are immune to poison.
You have sharp fingernails.
Your flesh is cold resistant. (rC+)
You are immune to negative energy. (rN+++)
You do not regenerate when monsters are visible.
You are immune to unholy pain and torment.
You thrive by killing the living.


Message History

You closely miss Pikel.
Pikel hits you with a +0 whip of flaming.
You claw Pikel!
Pikel is moderately wounded.
Pikel misses you.
You miss Pikel.
Pikel is lightly wounded.
Pikel hits you with a +0 whip of flaming!
You barely miss Pikel.
Pikel is lightly wounded.
Pikel hits you with a +0 whip of flaming!
You are too injured to fight recklessly!
You are too injured to fight recklessly!
You are too injured to fight recklessly!
Pikel attacks as you move away!
Pikel hits you with a +0 whip of flaming.
There is an escape hatch in the floor here.
Okay, then.
As you read the scroll of teleportation, it crumbles to dust.
You feel strangely unstable.
Pikel says, "You'll make a fine lemure."
Pikel hits you with a +0 whip of flaming!
* * * LOW HITPOINT WARNING * * *
Pikel attacks as you move away!
Pikel hits you with a +0 whip of flaming.
* * * LOW HITPOINT WARNING * * *
Pikel burns you.
* * * LOW HITPOINT WARNING * * *
Pikel attacks as you move away! Pikel hits you but does no damage.
Pikel attacks as you move away!
Pikel hits you with a +0 whip of flaming.
* * * LOW HITPOINT WARNING * * *
Pikel burns you.
* * * LOW HITPOINT WARNING * * *
Pikel attacks as you move away! Pikel barely misses you.
Your surroundings suddenly seem different.
An ogre comes into view. It is wielding a +0 giant club.
The ogre shouts!
The ogre hits you with a +0 giant club!
You die...

.....#.#####...##
###.........#+..##
..#.####......#
####..###..#
#..<.## #.# #....#
... #..### ####.
#.# #..## ...
+@O.# .... ##.##
#### ##


You could see an ogre.

Vanquished Creatures
  Menkaure (Ossuary)
  An ogre (D:4)
  A phantom (D:5)
  A bullfrog (Sewer)
  A scorpion (D:4)
  An orc priest (D:4)
  An iguana (D:3)
  3 mummies (Ossuary)
  A gnoll (D:1)
  3 adders
  A river rat (D:3)
  An ufetubus (D:4)
  2 dart slugs (D:1)
  4 orcs (D:4)
  10 ball pythons
  8 endoplasms
  11 giant cockroaches
  2 gnoll zombies (Ossuary)
  5 goblins
  6 hobgoblins
  2 jackals (D:4)
  9 kobolds
  9 quokkas
  7 bats
  21 frilled lizards
  5 gnoll skeletons (Ossuary)
  6 goblin skeletons (Ossuary)
  2 goblin zombies (Ossuary)
  6 hobgoblin skeletons (Ossuary)
  6 hobgoblin zombies (Ossuary)
  A kobold skeleton (Ossuary)
  6 kobold zombies (Ossuary)
  3 orc skeletons (Ossuary)
  4 orc zombies (Ossuary)
  7 rats
  4 rat skeletons (Ossuary)
  5 rat zombies (Ossuary)
167 creatures vanquished.

Notes
Turn   | Place    | Note
-------+----------+-------------------------------------------
     0 | D:1      | SnakkuSnakku7 the Ghoul Summoner began the quest for the
                  | Orb.
     0 | D:1      | Reached XP level 1. HP: 14/14 MP: 2/2
   221 | D:1      | Reached skill level 1 in Fighting
   221 | D:1      | Reached skill level 1 in Unarmed Combat
   226 | D:1      | Reached XP level 2. HP: 23/23 MP: 3/3
   228 | D:1      | Found a faded altar of an unknown god.
   308 | D:1      | Reached XP level 3. HP: 23/29 MP: 4/4
   699 | D:2      | You fall into a shaft and drop 2 floors!
   757 | D:4      | Noticed a scorpion
   759 | D:4      | Found an iron altar of Okawaru.
   774 | D:4      | HP: 1/30 [ufetubus (3)]
   790 | D:4      | Reached XP level 4. HP: 29/37 MP: 5/5
   881 | D:4      | Noticed an ogre
   888 | D:4      | Found a stormy altar of Qazlal.
   910 | D:4      | Killed an ogre
   911 | D:4      | Reached XP level 5. HP: 8/45 MP: 6/6
  1056 | D:4      | Found a sand-covered staircase.
  1159 | Ossuary  | Entered an ossuary
  1659 | Ossuary  | Noticed Menkaure
  1672 | Ossuary  | Killed Menkaure
  1673 | Ossuary  | Reached XP level 6. HP: 4/53 MP: 7/7
  2224 | D:3      | Found a glowing drain.
  2252 | Sewer    | Entered a sewer
  2490 | Sewer    | Reached skill level 5 in Unarmed Combat
  2534 | Sewer    | Reached skill level 5 in Fighting
  2550 | Sewer    | Reached XP level 7. HP: 20/61 MP: 8/8
  2813 | D:2      | Identified the +2 ring mail "Ennesty" {Str+4}
  3891 | D:3      | Found an opulent altar of Gozag.
  3946 | D:4      | Identified the +0 leather armour "Kuluag" {Rampage Str-4
                  | Int+6}
  4116 | D:4      | Found a broken altar of Ashenzari.
  4659 | D:5      | Entered Level 5 of the Dungeon
  4731 | D:5      | Noticed Pikel
  4751 | D:5      | Mangled by an ogre

Illustrated notes

Levels and vault maps discovered:
D:1:      wander_arrival_lonely_grave, layout_basic, basic_ecumenical_altar,
          minmay_lizard_pond
D:2:      layout_basic, kennysheep_generic_room_2
D:3:      layout_loops_ring, lemuel_coloured_pillars_altar,
          portal_sewer_entry_a, chequers_garden, hangedman_decor_growths
D:4:      layout_basic, ashenzari_altar_1, nicolae_qazlal_general_emergency,
          okawaru_gym_becter, enter_ossuary_5, minmay_misc_feat_alley
D:5:      layout_loops_corners, nemelex_dance_club_becter,
          nicolae_vehumet_radiance, minmay_temple_entry_water_ring, uniq_pikel

Skill      XL: |  1  2  3  4  5  6  7 |
---------------+----------------------+-----
Fighting       | 1 2 3 4 5 6 |  6.0
Unarmed Combat | 1 2 3 4 5 6 |  6.2
Dodging        | |  1.7
Stealth        | |  2.1
Spellcasting   | |  1.7
Summonings     | |  3.6

Action                   |  1- 3 |  4- 6 |  7- 9 || total
-------------------------+-------+-------+-------++-------
Melee: Unarmed           |   124 |   260 |   111 ||   495
       Punch             |     1 |     8 |     4 ||    13
Evoke: Wand              |       |     4 |       ||     4
  Use: Scroll            |     2 |     2 |     3 ||     7
       Potion            |     1 |     1 |       ||     2
 Stab: Sleeping          |     2 |       |     2 ||     4
Armor: Ring mail         |     2 |       |    23 ||    25
       Chain mail        |   100 |   127 |     5 ||   232
Dodge: Dodged            |    66 |    59 |    43 ||   168
